 Dungeon Crawl Stone Soup version 0.30-a0-1093-gcfb1e0cf12 (webtiles) character file.

Game seed: 4916896509305632588

131114 Ic0nGaming the Spry (level 17, -3/103 (108) HPs)
             Began as a Kobold Gladiator on Apr 17, 2023.
             Was an Elder of Okawaru.
             Slain by a pharaoh ant (7 damage)
             ... on level 1 of the Spider Nest.
             The game lasted 01:23:27 (28870 turns).

Ic0nGaming the Spry (Kobold Gladiator)             Turns: 28870, Time: 01:23:28

HP:   -3/103 (108)  AC: 19    Str: 12    XL:     17   Next: 66%
MP:   0/23          EV: 32    Int: 16    God:    Okawaru [****..]
Gold: 714           SH:  0    Dex: 22    Spells: 16/16 levels left

rFire   + . .      SeeInvis +    a - +6 long sword (heavy)
rCold   + . .      Faith    .    (no shield)
rNeg    . . .      Spirit   +    w - +2 ring mail {rC+}
rPois   +          Reflect  .    g - +2 helmet {SInv}
rElec   .          Rampage  .    D - +1 cloak {rCorr}
rCorr   +                        N - +3 pair of gloves of the Weaver {Slay+5}
Will    +....                    C - +0 pair of boots
Stlth   +++++++                  v - amulet of Opreyrogush {Spirit rPois Int+3}
HPRegen 0.37/turn                B - +4 ring of slaying
MPRegen 0.18/turn                L - ring of Gotutuni {rPois rF+ EV+5 Int+2 Stlth+}

@: marked, studying 2 skills, lightly drained
A: small, no large weapons, nightstalker 3
a: Renounce Religion, Heroism, Finesse


You were on level 1 of the Spider Nest.
You worshipped Okawaru.
Okawaru was greatly pleased with you.
You visited 5 branches of the dungeon, and saw 24 of its levels.

You collected 2516 gold pieces.
You spent 1802 gold pieces at shops.

Inventory:

Hand Weapons
 a - a +6 heavy long sword (weapon)
 l - a +1 scimitar of flaming
Missiles
 d - 5 throwing nets
 e - 14 boomerangs (quivered)
 f - 2 curare-tipped darts
 i - 15 poisoned darts
 q - 13 atropa-tipped darts
 K - 3 datura-tipped darts
Armour
 g - a +2 helmet of see invisible (worn)
 k - a +2 ring mail of fire resistance
 w - a +2 ring mail of cold resistance (worn)
 C - a +0 pair of boots (worn)
 D - a +1 cloak of preservation (worn)
 N - the +3 pair of gloves of the Weaver (worn) {Slay+5}
   (You acquired it on level 4 of the Lair of Beasts)

   Slay:      It affects your accuracy & damage with ranged weapons and melee
   (+5).
Jewellery
 v - the amulet of Opreyrogush (around neck) {Spirit rPois Int+3}
   (You acquired it on level 5 of the Dungeon)

   [amulet of guardian spirit]

   It causes incoming damage to be divided between your reserves of health and
   magic.
   Int:       It affects your intelligence (+3).
   rPois:     It protects you from poison.
 B - a +4 ring of slaying (left hand)
 L - the ring of Gotutuni (right hand) {rPois rF+ EV+5 Int+2 Stlth+}
   (You bought it in a shop on level 2 of the Orcish Mines)

   [ring of evasion]

   EV:        It affects your evasion (+5).
   Int:       It affects your intelligence (+2).
   rF:        It protects you from fire.
   rPois:     It protects you from poison.
   Stlth:     It makes you more stealthy.
Wands
 s - a wand of roots (4)
 E - a wand of flame (9)
 I - a wand of acid (2)
Scrolls
 r - 8 scrolls of teleportation
 x - 5 scrolls of fog
 y - 3 scrolls of magic mapping
 O - a scroll of silence
Potions
 c - 2 potions of ambrosia
 h - 2 potions of might
 j - 3 potions of haste
 m - 2 potions of heal wounds
 n - 10 potions of curing
 o - 4 potions of resistance
 t - 6 potions of attraction
 u - 8 potions of lignification
 z - 3 potions of mutation
 G - 2 potions of magic
 H - 2 potions of invisibility {unknown}
 M - 2 potions of berserk rage {unknown}
Miscellaneous
 A - a phial of floods


   Skills:
 + Level 13.1 Fighting
 - Level 14.0 Long Blades
 - Level 2.1 Throwing
 + Level 7.0 Armour
 - Level 18.5 Dodging
 - Level 12.1 Stealth
 - Level 9.0 Invocations
 - Level 10.1 Evocations


You had 16 spell levels left.
You didn't know any spells.
Your spell library contained the following spells:

 Spells                   Type           Power      Damage    Failure   Level
 Sandblast                Erth           0%         2d4       45%         1
 Shock                    Conj/Air       0%         1d3       45%         1
 Passwall                 Tmut/Erth      0%         N/A       58%         2
 Dazzling Flash           Conj/Hex       0%         N/A       83%         3
 Frozen Ramparts          Ice            0%         1d1       83%         3
 Ignite Poison            Fire/Tmut/Pois 0%         N/A       83%         3
 Stone Arrow              Conj/Erth      0%         3d7       83%         3
 Swiftness                Air            0%         N/A       83%         3
 Vhi's Electric Charge    Tloc/Air       0%         N/A       83%         3
 Volatile Blastmotes      Fire/Tloc      0%         2d10      83%         3
 Airstrike                Air            0%         2d(0-16)  99%         4
 Ice Form                 Ice/Tmut       0%         N/A       99%         4
 Iskenderun's Mystic Bla  Conj/Tloc      0%         2d3       99%         4
 Manifold Assault         Tloc           0%         N/A       99%         4
 Sticky Flame             Conj/Fire      0%         2d3       99%         4
 Arcjolt                  Conj/Air       0%         1d10      100%        5
 Blade Hands              Tmut           0%         N/A       100%        5
 Dispersal                Tloc           0%         N/A       100%        6
 Iron Shot                Conj/Erth      0%         9d1       100%        6
 Plasma Beam              Fire/Air       0%         2x1d11    100%        6
 Starburst                Conj/Fire      0%         6d3       100%        6
 Disjunction              Tloc           0%         N/A       100%        8
 Ignition                 Fire           0%         3d3       100%        8
 Lehudib's Crystal Spear  Conj/Erth      0%         10d2      100%        8
 Animate Armour           Summ/Erth      Unusable   N/A       N/A         4
 Summon Ice Beast         Ice/Summ       Unusable   N/A       N/A         4

Dungeon Overview and Level Annotations

Branches:
Dungeon (15/15) Temple (1/1) D:4 Lair (5/5) D:9 Shoals (0/4) Lair:2 Spider (1/4) Lair:2 Slime (0/5) Lair:4 Orc (2/2) D:9 Elf (0/3) Orc:2 Vaults (0/5) D:12 D:13 Depths: D:15

Altars:
Ashenzari
Cheibriados
Dithmenos
Elyvilon
Fedhas
Gozag
Hepliaklqana
Kikubaaqudgha
Makhleb
Nemelex Xobeh
Okawaru
Qazlal
Ru
Sif Muna
Trog
Uskayaw
Vehumet
Wu Jian
Xom
Yredelemnul
Zin
The Shining One
Jiyva

Shops:
D:7 ?[=   D:12 [   D:13 (   Orc:2 :(=*

Portals:
Hell: Lair:5
Abyss: D:4

Annotations:
D:12 2 transporters, exclusions: ice statue and obsidian statue
Lair:2 2 transporters
Lair:5 Rupert


Innate Abilities, Weirdness & Mutations

You are small and have problems with some larger weapons.
You are completely attuned to the shadows.


Message History

The grasping roots constrict the orb spider!
You kill the orb spider!
Okawaru accepts your kill. The orb of destruction hits you!!!
The tarantella misses you.
A redback comes into view.
The jumping spider sets off the alarm!
The alarm trap emits a blaring wail!
A sentinel's mark forms upon you.
You hear a skittering sound. x3; You hear a faint skittering sound.
You hear a chilling moan.
You hear a skittering sound.
You hear a faint skittering sound.
You hear a hideous shriek!
You hear a faint skittering sound.
You hear a skittering sound. x2
You hear a faint skittering sound.
You hear a chilling moan.
The tarantella attacks as you move away!
The tarantella touches you but does no damage.
The jumping spider completely misses you.
The jumping spider barely misses you. The pharaoh ant bites you!
* * * LOW HITPOINT WARNING * * *
A pharaoh ant comes into view.
The jumping spider closely misses you.
The jumping spider completely misses you.
The tarantella touches you but does no damage.
The pharaoh ant attacks as you move away!
The pharaoh ant completely misses you.
The jumping spider attacks as you move away!
The jumping spider completely misses you. x2
The pharaoh ant completely misses you.
An orb spider comes into view.
Unknown command.
The redback attacks as you move away! The redback misses you.
The tarantella is healed somewhat.
The pharaoh ant misses you.
A wolf spider comes into view.
Unknown command.
The redback attacks as you move away! The redback bites you.
* * * LOW HITPOINT WARNING * * *
A demonic crawler comes into view.
A tarantella comes into view.
The pharaoh ant bites you!!
* * * LOW HITPOINT WARNING * * *
You feel drained.
You die...

........^
#........
.......†#
.........
.#^.†s.s.
.#..s.....
....ss....
....BB#...
....@.s..#
....<.....
...)s...#.
..........
......s.^.
.........


You could see a demonic crawler, a wolf spider, an orb spider, a culicivora, 2
pharaoh ants, a jumping spider, 2 tarantellas and a redback.

Vanquished Creatures
  Saint Roka (Orc:2)
  Frances (D:13)
  A storm dragon (D:13)
  A sphinx (D:13)
  Kirke (D:12)
  An orc warlord (Orc:1)
  Nessos (D:13)
  The ghost of Atotek the Thaumaturge, a journeyman MeCA of Ignis (Lair:1)
  An ettin (D:13)
  A hell beast (Lair:5)
  4 hydras
  2 death knights (D:12)
  8 centaur warriors
  The ghost of scienide the Cleaver, a novice HOFi of Okawaru (D:8)
  9 two-headed ogres
  7 boulder beetles
  Urug (D:13)
  A death yak (Lair:5)
  4 spriggans (Lair:1)
  A fire crab (shapeshifter) (D:14)
  2 orb spiders
  A harpy (D:12)
  2 lindwurms
  A wizard (Lair:5)
  An orc knight (D:9)
  10 ugly things
  6 elephants (Lair:5)
  3 orc sorcerers (Orc:1)
  7 cyclopes
  2 manticores
  A black mamba (shapeshifter) (D:14)
  2 torpor snails (Lair:5)
  5 black mambas
  Maurice (D:12)
  Psyche (D:9)
  2 kobold demonologists (D:12)
  2 orange demons (Lair:5)
  8 cane toads
  8 komodo dragons
  An unseen horror (D:10)
  2 ice devils (Lair:5)
  2 efreet
  4 rime drakes
  2 red devils (Lair:5)
  16 trolls
  A meliai (D:12)
  A polar bear (Lair:3)
  A hellwing (Lair:5)
  A tarantella (Spider:1)
  3 hornets
  12 blink frogs
  A snapping turtle (Lair:2)
  4 dream sheep (Lair:5)
  2 water elementals (D:13)
  A shadow (D:10)
  6 slime creatures
  A vampire (D:13)
  39 yaks
  5 wyverns
  2 small abominations (D:4)
  2 wraiths
  The ghost of soepkip the Trooper, an amateur MiMo (D:4)
  4 hogs (D:12)
  17 humans
  A vampire mosquito (D:6)
  Grum (D:9)
  4 steam dragons
  3 wargs
  8 acid dragons
  4 hell hounds (Lair:5)
  14 water moccasins
  4 black bears
  45 orc warriors
  2 sky beasts
  3 ice beasts
  27 wolves
  3 ogres
  20 centaurs
  3 phantoms
  A kobold brigand (D:4)
  11 bullfrogs
  A gnoll sergeant (D:8)
  6 scorpions
  7 wights
  9 killer bees
  4 electric eels
  4 howler monkeys
  6 hounds
  8 jellies
  11 orc priests
  16 orc wizards
  A sleepcap (D:6)
  4 iguanas
  14 gnolls
  5 adders
  2 shadow imps
  2 white imps
  3 ufetubi
  A worm (D:2)
  2 dart slugs
  69 orcs
  11 ball pythons
  14 bats
  8 endoplasms
  6 giant cockroaches
  7 hobgoblins
  4 quokkas
  2 frilled lizards (D:1)
  7 goblins
  12 kobolds
  5 rats
649 creatures vanquished.

Vanquished Creatures (others)
  A killer bee (D:9)
  22 fungi
  17 plants
40 creatures vanquished.

Grand Total: 689 creatures vanquished

Notes
Turn   | Place    | Note
-------+----------+-------------------------------------------
     0 | D:1      | Ic0nGaming the Kobold Gladiator began the quest for the
                  | Orb.
     0 | D:1      | Reached XP level 1. HP: 12/12 MP: 1/1
    54 | D:1      | Reached XP level 2. HP: 17/17 MP: 2/2
   348 | D:1      | Reached XP level 3. HP: 19/21 MP: 3/3
   358 | D:1      | Found a faded altar of an unknown god.
  1097 | D:2      | Reached XP level 4. HP: 14/26 MP: 4/4
  2183 | D:3      | Reached XP level 5. HP: 25/30 MP: 5/5
  2975 | D:3      | Reached skill level 5 in Long Blades
  3007 | D:3      | Reached XP level 6. HP: 35/35 MP: 6/6
  3803 | D:4      | Found a transporter.
  3825 | D:4      | Found a staircase to the Ecumenical Temple.
  3998 | D:4      | Reached XP level 7. HP: 26/40 MP: 7/7
  4395 | D:4      | Found a one-way gate to the infinite horrors of the Abyss.
  4395 | D:4      | Noticed soepkip's ghost (amateur MiMo)
  4400 | D:4      | Found a transporter.
  4452 | D:4      | Noticed a small abomination
  4725 | D:5      | Entered Level 5 of the Dungeon
  4726 | D:5      | Identified a scroll of acquirement
  4726 | D:5      | Acquired the amulet of Opreyrogush {Spirit rPois Int+3}
  4915 | D:5      | Found a hazy altar of Hepliaklqana.
  5136 | D:5      | Reached XP level 8. HP: 39/44 MP: 5/8
  5704 | D:5      | Identified the +3 ring mail "Tetsewos" {-Tele rC++ Str+3
                  | Slay+4}
  5913 | D:5      | Reached skill level 1 in Stealth
  6011 | D:6      | Reached skill level 4 in Dodging
  6041 | D:6      | You fall into a shaft and drop 2 floors!
  6060 | D:8      | Found a broken altar of Ashenzari.
  6131 | D:7      | Found an ornate altar of the Wu Jian Council.
  6195 | D:7      | Found Sitebyol's Magic Scroll Boutique.
  6202 | D:7      | Bought a scroll of brand weapon for 114 gold pieces
  6202 | D:7      | Bought a scroll of identify for 24 gold pieces
  6246 | D:7      | Found Naclufaexu's Jewellery Shop.
  6468 | D:7      | Noticed a hornet
  6523 | D:7      | Reached XP level 9. HP: 45/52 MP: 9/9
  6532 | D:7      | Reached skill level 5 in Dodging
  6823 | D:6      | Reached skill level 5 in Stealth
  7003 | Temple   | Entered the Ecumenical Temple
  7183 | Temple   | Became a worshipper of Warmaster Okawaru
  7352 | D:6      | Reached skill level 5 in Fighting
  7352 | D:6      | Reached skill level 6 in Dodging
  7630 | D:6      | Reached * piety under Okawaru
  7861 | D:7      | Killed a hornet
  7866 | D:7      | Reached XP level 10. HP: 47/61 MP: 5/10
  8085 | D:7      | Found Isum's Armour Boutique.
  8090 | D:7      | Bought a +0 cloak of preservation for 126 gold pieces
  8380 | D:7      | Reached ** piety under Okawaru
  8503 | D:8      | Reached skill level 1 in Invocations
  8995 | D:8      | Noticed a two-headed ogre
  9093 | D:8      | Found a large runed translucent door.
  9094 | D:8      | Found a large runed translucent door.
  9104 | D:8      | Reached skill level 10 in Long Blades
  9650 | D:9      | Noticed Grum
  9715 | D:9      | Found a burning altar of Makhleb.
 10131 | D:9      | Killed Grum
 10137 | D:9      | Reached *** piety under Okawaru
 10274 | D:9      | Found a staircase to the Orcish Mines.
 10482 | D:9      | Reached XP level 11. HP: 65/72 MP: 8/12
 10599 | D:9      | Noticed a centaur warrior
 10607 | D:9      | Killed a centaur warrior
 10608 | D:9      | Reached skill level 10 in Fighting
 10662 | D:9      | Found a staircase to the Lair.
 10718 | D:9      | Noticed Psyche
 10738 | D:9      | Killed Psyche
 11137 | D:10     | Entered Level 10 of the Dungeon
 11137 | D:10     | Found a viscous altar of Jiyva.
 11198 | D:10     | Noticed a two-headed ogre
 11247 | Lair:1   | Entered Level 1 of the Lair of Beasts
 11297 | Lair:1   | Reached skill level 1 in Evocations
 11627 | Lair:1   | Reached **** piety under Okawaru
 11842 | Lair:1   | Found a runed translucent door.
 11843 | Lair:1   | Noticed a spriggan rider
 12491 | Lair:1   | Noticed Atotek's ghost (journeyman MeCA)
 12492 | Lair:1   | Identified the +12 spear of Siti {freeze, rElec rPois rC++
                  | Stlth+}
 12526 | Lair:1   | Reached skill level 5 in Evocations
 12638 | Lair:2   | Reached XP level 12. HP: 79/79 MP: 13/13
 12846 | Lair:2   | Noticed a five-headed hydra
 13053 | Lair:2   | Killed a five-headed hydra
 13080 | Lair:2   | Received a gift from Okawaru
 13126 | Lair:2   | Found a staircase to the Shoals.
 13376 | Lair:2   | Found a transporter.
 13400 | Lair:2   | Noticed a spriggan rider
 13414 | Lair:2   | Found a transporter.
 13608 | Lair:2   | Received a gift from Okawaru
 13778 | Lair:2   | Found a hole to the Spider Nest.
 13778 | Lair:2   | Noticed an orb spider
 13943 | Lair:2   | Killed an orb spider
 14144 | Lair:2   | Noticed a four-headed hydra
 14149 | Lair:2   | Killed a four-headed hydra
 14149 | Lair:2   | Reached ***** piety under Okawaru
 14349 | Lair:3   | Received a gift from Okawaru
 15374 | Lair:4   | Reached XP level 13. HP: 26/83 MP: 1/14
 15721 | Lair:4   | Found a staircase to the Slime Pits.
 16315 | Lair:4   | Reached skill level 10 in Evocations
 16464 | Lair:4   | Acquired the +3 pair of gloves of the Weaver {Slay+5}
 16477 | Lair:4   | Acquired a manual of Shields
 16674 | Lair:4   | Reached skill level 5 in Invocations
 16859 | Lair:5   | Entered Level 5 of the Lair of Beasts
 16859 | Lair:5   | Noticed a seven-headed hydra
 16859 | Lair:5   | Found a broken altar of Ashenzari.
 16876 | Lair:5   | Noticed a four-headed hydra
 17212 | D:10     | Paralysed by a hornet for 1 turns
 17314 | D:10     | Found a white marble altar of Elyvilon.
 17316 | D:10     | Found a blossoming altar of Fedhas.
 17318 | D:10     | Found a bloodstained altar of Trog.
 17318 | D:10     | Found a shimmering altar of Xom.
 17319 | D:10     | Found a basalt altar of Yredelemnul.
 17320 | D:10     | Found a snail-covered altar of Cheibriados.
 17573 | D:10     | Identified the ring of Vuem {Wiz rF- Str+5}
 17603 | D:10     | Reached skill level 5 in Armour
 17603 | D:10     | Reached XP level 14. HP: 55/88 MP: 6/20
 17604 | D:10     | Reached skill level 10 in Dodging
 17604 | D:10     | Reached XP level 15. HP: 58/93 MP: 6/21
 18330 | D:11     | Identified the +7 falchion "Cec Efrotse" {heavy, Contam rC+
                  | Int+5} (Okawaru gifted it to you on level 11 of the
                  | Dungeon)
 18330 | D:11     | Received a gift from Okawaru
 18565 | D:11     | Found a stormy altar of Qazlal.
 18786 | Orc:1    | Entered Level 1 of the Orcish Mines
 18930 | D:9      | Reached skill level 10 in Stealth
 19183 | Orc:1    | Noticed an orc warlord
 19526 | D:4      | Killed soepkip's ghost
 19647 | D:8      | Noticed scienide's ghost (novice HOFi)
 19655 | D:8      | Killed scienide's ghost
 19656 | D:8      | Reached XP level 16. HP: 99/99 MP: 20/22
 19909 | Lair:5   | Noticed Rupert
 20112 | Lair:5   | Reached skill level 11 in Dodging
 20290 | Lair:5   | Reached skill level 12 in Dodging
 20747 | Lair:5   | Reached skill level 13 in Dodging
 21036 | Lair:5   | Found a burning altar of Makhleb.
 21292 | Lair:5   | Found a gateway to Hell.
 21534 | Lair:1   | Killed Atotek's ghost
 21535 | Lair:1   | Reached skill level 14 in Dodging
 21795 | D:12     | Found a transporter.
 21798 | D:12     | Identified the staff of death "Inupn" {rN+ Str+4}
 21807 | D:12     | Received a gift from Okawaru
 21961 | D:12     | Found Ahoedox's Antique Armour Emporium.
 22034 | D:12     | Noticed Maurice
 22049 | D:12     | Killed Maurice
 22121 | D:12     | Noticed Kirke
 22183 | D:12     | Killed Kirke
 22184 | D:12     | Reached skill level 15 in Dodging
 22622 | D:12     | Found a transporter.
 22692 | D:12     | Identified the +2 dagger "Lifebane" {speed, Int+3 Dex+3}
 22775 | D:12     | Received a gift from Okawaru
 23160 | D:12     | Reached skill level 16 in Dodging
 23588 | Orc:1    | Paralysed by an orc sorcerer for 4 turns
 23595 | Orc:1    | Received a gift from Okawaru
 23728 | Orc:2    | Entered Level 2 of the Orcish Mines
 24573 | Orc:2    | Found a staircase to the Elven Halls.
 24705 | Orc:2    | Noticed Saint Roka
 24853 | Orc:2    | Killed Saint Roka
 24854 | Orc:2    | Reached skill level 17 in Dodging
 24854 | Orc:2    | Reached XP level 17. HP: 37/103 MP: 6/23
 25292 | Orc:2    | Found Fyegei's Antique Weapon Boutique.
 25292 | Orc:2    | Found Utina's Jewellery Emporium.
 25292 | Orc:2    | Found Nunt's General Store.
 25293 | Orc:2    | Found Bovar's Book Shop.
 25298 | Orc:2    | Bought the ring of Gotutuni {rPois rF+ EV+5 Int+2 Stlth+}
                  | for 979 gold pieces
 25303 | Orc:2    | Bought a scroll of teleportation for 39 gold pieces
 25303 | Orc:2    | Bought a phial of floods for 520 gold pieces
 25813 | D:13     | Noticed Nessos
 25813 | D:13     | Noticed Urug
 25813 | D:13     | Found a gate to the Vaults.
 25894 | D:13     | Killed Urug
 25909 | D:13     | Noticed Frances
 26111 | D:13     | Reached skill level 18 in Dodging
 26129 | D:13     | Killed Frances
 26147 | D:13     | Killed Nessos
 26608 | D:13     | Noticed a sphinx
 26608 | D:13     | Noticed a storm dragon
 26633 | D:13     | HP: 1/104 [ettin/+2 heavy dire flail (14)]
 27040 | D:13     | Killed a sphinx
 27089 | D:13     | Killed a storm dragon
 27295 | D:13     | Found Atotor's Weapon Boutique.
 28265 | D:14     | Found a sacrificial altar of Ru.
 28684 | D:15     | Entered Level 15 of the Dungeon
 28852 | Spider:1 | Entered Level 1 of the Spider Nest
 28870 | Spider:1 | HP: 4/108 [pharaoh ant (23)]
 28870 | Spider:1 | Slain by a pharaoh ant

Illustrated notes

Levels and vault maps discovered:
D:1:      dpeg_arrival_radiant, layout_loops_ring,
          nicolae_ecumenical_snake_handling, hex_large
D:2:      layout_loops_ring, minmay_misc_feat_chi
D:3:      layout_basic, minmay_crystal_room, grunt_ministairs_15
D:4:      layout_basic, minmay_temple_entry_statues,
          gammafunk_ghost_abyssal_escape
D:5:      layout_loops_cross, lemuel_doored_altar, minmay_misc_feat_alley,
          minmay_diced_spiral
D:6:      layout_basic, minmay_manual_mail
D:7:      layout_gridville, nicolae_wu_jian_wuxing_cycle, serial_shops, shop,
          kennysheep_little_box, shop
D:8:      nicolae_BIG_FREAKIN_CUBE, layout_loops_ring,
          cheibrodos_ashenzari_chains, enter_bailey_1,
          ebering_ghost_disaster_area
D:9:      layout_cave_pods, bloody_makhleb, erik_lair_island, david_orc_2,
          uniq_grum, uniq_psyche
D:10:     minmay_polygon_palace, layout_basic, minitemple, jiyva_altar_1
D:11:     layout_rooms, nicolae_qazlal_eye_of_the_storm
D:12:     minmay_cut_squares, layout_layer_cave, gammafunk_ghost_mausoleum,
          serial_shops, shop, david_greed, uniq_kirke, uniq_maurice
D:13:     minmay_glassy_protrusions, layout_basic, david_vaults_3, serial_shops,
          nicolae_shop_window_shopping, gauntlet_entry_generic,
          water_boxes_lemuel, uniq_frances
D:14:     layout_rooms, hangedman_ru_absence
D:15:     grunt_enter_depths_magical_seal, layout_small_grid,
          serial_park_square3 [serial_park_minivault_5x5_3]
Temple:   hellmonk_temple_flake
Lair:1:   layout_hall_layers, ebering_ghost_funeral_grove,
          chequers_serial_rivers_small_a, small_statue_intersection
Lair:2:   layout_concentric_octagons, minmay_shoals_entry_hut,
          nicolae_spider_entry_orb_guardian, gammafunk_ghost_wrathful_warriors,
          lemuel_fruit_tree
Lair:3:   layout_chaotic_city
Lair:4:   layout_big_grid, nicolae_slime_entry_field_trip, lemuel_fruit_fields
Lair:5:   evil_forest, layout_cave_shapes, basic_altar,
          infiniplex_staircase_pool_2, lemuel_fruit_fields,
          serial_bayou_shore_b, uniq_rupert, uniq_nessos
Spider:1: layout_spider_delve, nicolae_spider_undead_wolf_pack
Orc:1:    layout_diamond_mine
Orc:2:    st_orc_rangers, layout_diamond_mine, basic_altar, lemuel_statue_altar,
          nicolae_orc_tapped_out, uniq_saint_roka

Skill      XL: |  1  2  3  4  5  6  7  8  9 10 11 12 13 14 15 16 17 |
---------------+----------------------------------------------------+-----
Long Blades    | 3 4 5 6 7 8 10 12 14 | 14.0
Stealth        | 3 6 11 12 | 12.1
Dodging        | 4 6 10 17 18 | 18.5
Fighting       | 3 6 9 10 13 | 13.1
Invocations    | 2 9 |  9.0
Evocations     | 5 8 10 | 10.1
Armour         | 5 7 |  7.0
Throwing       | |  2.1

Action                     |  1- 3 |  4- 6 |  7- 9 | 10-12 | 13-15 | 16-18 || total
---------------------------+-------+-------+-------+-------+-------+-------++-------
  Melee: Long sword        |    38 |     4 |    87 |   341 |   238 |   672 ||  1380
         Punch             |     1 |     4 |     4 |     9 |     4 |    24 ||    46
         Short sword       |    38 |   107 |       |       |       |       ||   145
         Dagger            |       |    96 |   105 |    57 |       |     5 ||   263
  Throw: Dart              |       |     2 |    25 |    21 |    15 |       ||    63
         Throwing net      |       |       |       |     1 |       |       ||     1
         Boomerang         |       |       |       |     4 |       |    27 ||    31
 Invoke: Heroism           |       |       |       |    18 |    18 |    28 ||    64
         Finesse           |       |       |       |       |     1 |     4 ||     5
  Evoke: Wand              |       |       |     8 |    20 |     5 |    16 ||    49
    Use: Scroll            |     3 |     9 |    13 |     7 |     8 |     7 ||    47
         Potion            |       |       |     1 |     5 |     3 |     5 ||    14
   Stab: Sleeping          |    13 |     5 |    11 |    13 |     9 |    26 ||    77
         Distracted        |       |     1 |       |       |     2 |     2 ||     5
         Held in net/web   |       |       |       |     1 |       |       ||     1
 Armour: Leather armour    |     6 |       |       |       |       |       ||     6
         Ring mail         |    19 |    50 |    51 |    93 |    71 |   176 ||   460
         Skin              |       |       |       |    37 |       |       ||    37
  Dodge: Dodged            |    56 |   118 |   157 |   473 |   290 |  1174 ||  2268

Table legend: (Time is in decaauts)
 A = Elapsed time spent in this place.
 B = Non-inter-level travel time spent in this place.
 C = Inter-level travel time spent in this place.
 D = Time resting spent in this place.
 E = Time spent auto-exploring this place.
 F = Levels seen in this place.
 G = Mean time per level.
                   A        B        C        D        E       F      G
               +--------+--------+--------+--------+--------+-----+--------+
         Total |  28915 |  26613 |   2302 |   6744 |  13456 |  24 | 1204.8 |
       Dungeon |  18720 |  17021 |   1699 |   3853 |   9387 |  15 | 1248.0 |
        Temple |    190 |    180 |     10 |      0 |    153 |   1 |  190.0 |
          Lair |   7854 |   7342 |    512 |   2453 |   3000 |   5 | 1570.8 |
   Spider Nest |     18 |     18 |      0 |      0 |      0 |   1 |   18.0 |
  Orcish Mines |   2131 |   2052 |     79 |    438 |    916 |   2 | 1065.5 |
               +--------+--------+--------+--------+--------+-----+--------+

Top non-repeatable levels by time:
     D:9: 2402 daAuts
    D:12: 2189 daAuts
  Lair:2: 1802 daAuts
  Lair:1: 1683 daAuts
   Orc:2: 1584 daAuts
  Lair:5: 1566 daAuts
  Lair:4: 1499 daAuts
     D:3: 1490 daAuts
    D:13: 1379 daAuts
     D:4: 1365 daAuts
  Lair:3: 1302 daAuts
     D:7: 1258 daAuts
     D:8: 1224 daAuts
     D:5: 1203 daAuts
     D:2: 1178 daAuts
